 Dungeon Crawl Stone Soup version 0.27.1-1-g398f81649c (webtiles) character file.

Game seed: 18044897800819353607

357 ABBCCCDDDD the Sneak (level 6, -12/45 HPs)
             Began as an Octopode Warper on Sept 9, 2021.
             Killed from afar by Dowan (17 damage)
             ... with a shard of ice
             ... on level 4 of the Dungeon.
             The game lasted 00:10:10 (4719 turns).

ABBCCCDDDD the Sneak (Octopode Warper)              Turns: 4719, Time: 00:10:11

Health: -12/45     AC:  2    Str: 10    XL:     6   Next: 64%
Magic:  9/9        EV: 13    Int: 17    God:
Gold:   145        SH:  0    Dex: 10    Spells: 9/9 levels left

rFire    . . .     SeeInvis .   k - +1 short sword (protect)
rCold    . . .     Faith    .   (no shield)
rNeg     . . .     Spirit   .   (helmet restricted)
rPois    .         Reflect  .   (no amulet)
rElec    .         Harm     .   (no ring)
rCorr    .         Rampage  .   (no ring)
Will     .....     Rnd*Rage +   (no ring)
Stlth    ++++......             (no ring)
HPRegen  0.15/turn              (no ring)
MPRegen  0.11/turn              (no ring)
                                (no ring)
                                (no ring)

@: no status effects
A: almost no armour, amphibious, 8 rings, camouflage 1, gelatinous body 1,
(nimble swimmer 1), tentacles, berserk 1, clumsy 1, shaggy fur 1
a: no special abilities


You were on level 4 of the Dungeon.
You visited 1 branch of the dungeon, and saw 4 of its levels.

You collected 145 gold pieces.

Inventory:

Hand Weapons
 a - a +0 short sword
 d - a +0 dagger
 h - a +0 trident
 k - a +1 short sword of protection (weapon)
 p - a +3 falchion
Missiles
 b - a throwing net
 c - 4 boomerangs of dispersal (quivered)
 e - 31 stones
Jewellery
 f - a ring of fire
Scrolls
 g - 2 scrolls of enchant weapon
 o - a scroll of enchant armour


   Skills:
 + Level 4.9 Fighting
 - Level 3.0 Short Blades
 - Level 1.0 Throwing
 - Level 2.3 Dodging
 + Level 5.7 Stealth
 - Level 2.0 Spellcasting
 - Level 3.0 Translocations


You had 9 spell levels left.
You didn't know any spells.
Your spell library contained the following spells:

 Spells                   Type           Power      Damage    Failure   Level
 Blink                    Tloc           N/A        N/A       9%          2
 Gell's Gravitas          Tloc           5%         N/A       17%         3
 Lesser Beckoning         Tloc           5%         N/A       17%         3
 Teleport Other           Tloc           11%        N/A       17%         3
 Manifold Assault         Tloc           11%        N/A       83%         5


Dungeon Overview and Level Annotations

Branches:
Dungeon (4/15)             Temple (0/1) D:4

Altars:
Kikubaaqudgha
Okawaru
Yredelemnul

Annotations:
D:3 2 transporters, Grinder, Menkaure, Sigmund
D:4 Dowan


Innate Abilities, Weirdness & Mutations

You cannot wear most types of armour.
You are amphibious.
You can wear up to eight rings at the same time.
Your skin changes colour to match your surroundings (Stealth+).
Your rubbery body absorbs attacks. (AC +1, EV +1)
((You are camouflaged near water. (Stealth+)))
You have tentacles for arms and can constrict up to eight enemies at once.
You tend to lose your temper in combat.
You are clumsy. (Dex -2)
You are covered in fur. (AC +1)


Message History

* * * LOW HITPOINT WARNING * * *
You feel drained.
* * * LOW HITPOINT WARNING * * *
Press: ? - help, v - describe, . - travel
Here: Duvessa, wielding a +1 short sword of draining and wearing a +0 leather armour (severely wounded, constricted by you)
The floor, spattered with blood.
Unknown command.
You aren't carrying any items that you can evoke without wielding.
Unknown command.
Unknown command.
Unknown command.
Okay, then.
Okay, then.
Unknown command.
You aren't carrying any potions.
Unknown command.
Unknown command.
You hit Duvessa but do no damage. You squeeze Duvessa!
Duvessa is almost dead.
You constrict Duvessa.
You kill Duvessa!
You hear a distant wail of despair.
Your life force feels restored.
Your Stealth skill increases to level 5!
As you read the scroll labelled HODUUX NILAOBB, it crumbles to dust.
You feel aware of your surroundings.
You sensed 1 altar.
It was a scroll of magic mapping.
Dowan seems to find hidden reserves of power!
As you read the scroll labelled CEIPNO FOANOCK, it crumbles to dust.
It is a scroll of identify.
o - a scroll of enchant armour Throw: 5 boomerangs (disperse)
Press: ? - help, Q - select action, (/) - cycle Shift-Dir - straight line, f - Dowan
Aim: Dowan, wielding a +0 dagger of venom and wearing a +0 robe (fast, 46% to hit)
You throw a boomerang of dispersal.
The boomerang of dispersal completely misses Dowan.
Dowan says, "Her death will not be in vain!"
Dowan casts a spell at you. The shard of ice hits you!
You die...

#### #..##########
##...........#
###..........<.#
#...#.....e.).@#
###.###..........##
..................#
###.#.............#
....#.............#
.###..............#
..................#
..............>..##
###.##.......###.#


You could see Dowan (fast).

Levels and vault maps discovered:
D:1:      wander_arrival_abandoned_jail, layout_basic,
          shapermc_ecumenical_altar_petra
D:2:      minmay_roachtagon, layout_basic, guppyfry_early_lair_pool
D:3:      layout_basic, gammafunk_temple_of_torment, okawaru_trees_1,
          lightli_sewer_entry_pipes, uniq_grinder, uniq_sigmund
D:4:      layout_rooms, amcnicky_altar_gilded, temple_green, st_stairs_8,
          uniq_duvessa

Notes
Turn   | Place    | Note
-------+----------+-------------------------------------------
     0 | D:1      | ABBCCCDDDD the Octopode Warper began the quest for the Orb.
     0 | D:1      | Reached XP level 1. HP: 14/14 MP: 3/3
    76 | D:1      | Reached skill level 1 in Stealth
    85 | D:1      | Reached XP level 2. HP: 19/19 MP: 5/5
   645 | D:1      | Reached XP level 3. HP: 25/25 MP: 6/6
   679 | D:1      | Reached skill level 2 in Stealth
   979 | D:1      | Found a faded altar of an unknown god.
  1814 | D:2      | Reached XP level 4. HP: 28/30 MP: 7/7
  2269 | D:2      | Reached skill level 3 in Stealth
  3432 | D:3      | Found an iron altar of Okawaru.
  3569 | D:3      | Reached XP level 5. HP: 36/36 MP: 8/8
  3637 | D:3      | Noticed Grinder
  3673 | D:3      | Found an ancient bone altar of Kikubaaqudgha.
  3675 | D:3      | Noticed Menkaure
  3695 | D:3      | Found a basalt altar of Yredelemnul.
  3695 | D:3      | Noticed a necrophage
  3696 | D:3      | Found a transporter.
  3727 | D:3      | Noticed Sigmund
  3740 | D:3      | Found a transporter.
  3759 | D:3      | Reached skill level 4 in Stealth
  4548 | D:4      | Reached XP level 6. HP: 44/44 MP: 9/9
  4581 | D:4      | Noticed Duvessa
  4584 | D:4      | Noticed Dowan
  4712 | D:4      | Gained mutation: You are covered in fur. (AC +1) [potion of
                  | mutation]
  4712 | D:4      | Gained mutation: You are clumsy. (Dex -2) [potion of
                  | mutation]
  4712 | D:4      | Gained mutation: You tend to lose your temper in combat.
                  | [potion of mutation]
  4715 | D:4      | Killed Duvessa
  4716 | D:4      | Reached skill level 5 in Stealth
  4719 | D:4      | Killed from afar by Dowan

Table legend: (Time is in decaauts)
 A = Elapsed time spent in this place.
 B = Non-inter-level travel time spent in this place.
 C = Inter-level travel time spent in this place.
 D = Time resting spent in this place.
 E = Time spent auto-exploring this place.
 F = Levels seen in this place.
 G = Mean time per level.
                   A        B        C        D        E       F      G
               +--------+--------+--------+--------+--------+-----+--------+
         Total |   4708 |   4473 |    235 |   1326 |   2053 |   4 | 1177.0 |
       Dungeon |   4708 |   4473 |    235 |   1326 |   2053 |   4 | 1177.0 |
               +--------+--------+--------+--------+--------+-----+--------+

Top non-repeatable levels by time:
     D:2: 2026 daAuts
     D:1: 1606 daAuts
     D:3: 898 daAuts
     D:4: 177 daAuts

Table legend:
 A = Kills in this place as a percentage of kills in entire the game.
 B = Kills by you in this place as a percentage of kills by you in the entire game.
 C = Kills by friends in this place as a percentage of kills by friends in the entire game.
 D = Other kills in this place as a percentage of other kills in the entire game.
 E = Experience gained in this place as a percentage of experience gained in the entire game.
 F = Experience gained in this place divided by the number of levels of this place that you have seen.
                   A       B       C       D       E      F
               +-------+-------+-------+-------+-------+----------------------
         Total | 100.0 | 100.0 |   N/A |   N/A | 100.0 | 127.8
       Dungeon | 100.0 | 100.0 |   N/A |   N/A | 100.0 | 127.8
               +-------+-------+-------+-------+-------+----------------------

Action                   |  1- 3 |  4- 6 || total
-------------------------+-------+-------++-------
Melee: Short sword       |    13 |   165 ||   178
       Constrict         |    30 |    36 ||    66
       Tentacles         |    23 |    22 ||    45
       Dagger            |    77 |    11 ||    88
Throw: Boomerang         |       |     8 ||     8
  Use: Potion            |       |     4 ||     4
       Scroll            |       |     4 ||     4
 Stab: Sleeping          |     7 |     8 ||    15
       Distracted        |       |     1 ||     1
Armor: Skin              |     3 |    44 ||    47
Dodge: Dodged            |    39 |   101 ||   140

Vanquished Creatures
  Duvessa (D:4)
  2 orc priests
  A gnoll (D:4)
  6 adders
  4 worms
  A dart slug (D:1)
  11 orcs (D:3)
  8 ball pythons
  9 endoplasms
  12 giant cockroaches
  9 goblins
  3 hobgoblins
  7 jackals
  5 kobolds
  5 quokkas
  3 bats
  5 frilled lizards
  6 rats
98 creatures vanquished.

Vanquished Creatures (others)
  2 fungi (D:1)
  7 plants
9 creatures vanquished.

Grand Total: 107 creatures vanquished
